PBL
CHICAGO WHITE SOX @ DETROIT TIGERS
10/05/2070
 
TOP OF THE 1ST
Chicago White Sox batting - Pitching for Detroit Tigers : LHP Jesús Zagal
Pitching: LHP Jesús Zagal
Batting: LHB Jesse Vega 0-0: Ball
1-0: Ball
2-0: Foul Ball, location: 5SF
2-1: Foul Ball, location: 3FF
2-2: Ball
3-2: Ground out U3 (Groundball, 3S, EV 80.6 MPH)
Batting: LHB John Mrazek 0-0: Foul Ball, location: 2F
0-1: Ball
1-1: Foul Ball, location: 23FF
1-2: Foul Ball, location: 3DF
1-2: Ball
2-2: Ground out 4-3 (Groundball, 34, EV 80.0 MPH)
Batting: RHB Gong-sun Bu 0-0: Ball
1-0: Ball
2-0: Called Strike
2-1: Ball
3-1: Base on Balls
Batting: RHB Bernardo López 0-0: Called Strike
0-1: Swinging Strike
0-2: Ground out 5-3 (Groundball, 56, EV 110.6 MPH)
Top of the 1st over - 0 runs, 0 hits, 0 errors, 1 left on base; Chicago 0 - Detroit 0
BOTTOM OF THE 1ST
Detroit Tigers batting - Pitching for Chicago White Sox : LHP Eric Crowley
Pitching: LHP Eric Crowley
Batting: SHB Jorge Morán 0-0: Ball
1-0: Foul Ball, location: 2F
1-1: Fly out, F9 (Flyball, 9LM, EV 93.8 MPH)
Batting: LHB Masanori Ikeda 0-0: Ball
1-0: Called Strike
1-1: Ball
2-1: Foul Ball, location: 7LDF
2-2: Ball
3-2: Foul Ball, location: 2F
3-2: Base on Balls
Batting: RHB David Fisher 0-0: Ball
1-0: Foul Ball, location: 2F
1-1: Fly out, F9 (Flyball, 9LM, EV 97.5 MPH)
Batting: RHB Luis Martínez 0-0: Called Strike
0-1: Foul Ball, location: 3FF
0-2: SINGLE (Line Drive, 6D, EV 102.5 MPH)
Masanori Ikeda to second
Batting: RHB Mario Muñíz 0-0: Called Strike
0-1: Foul Ball, location: 2F
0-2: Ball
1-2: Strikes out swinging
Bottom of the 1st over - 0 runs, 1 hit, 0 errors, 2 left on base; Chicago 0 - Detroit 0
TOP OF THE 2ND
Chicago White Sox batting - Pitching for Detroit Tigers : LHP Jesús Zagal
Batting: LHB Jorge Castaneda 0-0: Ball
1-0: Ball
2-0: Called Strike
2-1: Ball
3-1: Base on Balls
Batting: RHB Roy López 0-0: Called Strike
0-1: Foul Ball, location: 2LF
0-2: Ball
1-2: Ball
2-2: Strikes out looking
Batting: RHB Ken Borlase 0-0: Fly out, F8 (Flyball, 8LD, EV 81.3 MPH)
Batting: LHB Ching-wei Lok 0-0: Ball
Jorge Castaneda steals 2nd base
1-0: Called Strike
1-1: Ground out U3 (Groundball, 34S, EV 85.6 MPH)
Top of the 2nd over - 0 runs, 0 hits, 0 errors, 1 left on base; Chicago 0 - Detroit 0
BOTTOM OF THE 2ND
Detroit Tigers batting - Pitching for Chicago White Sox : LHP Eric Crowley
Batting: RHB Takayuki Oda 0-0: Ball
1-0: Ball
2-0: Foul Ball, location: 2F
2-1: Called Strike
2-2: Ball
3-2: Foul Ball, location: 2F
3-2: Strikes out looking
Batting: LHB Archie Wood 0-0: Called Strike
0-1: Ball
1-1: Ball
2-1: Ball
3-1: Foul Ball, location: 7LDF
3-2: Foul Ball, location: 7LSF
3-2: Ground out 5-3 (Groundball, 56S, EV 80.6 MPH)
Batting: RHB Lou Hutchinson 0-0: Ball
1-0: Ball
2-0: Ball
3-0: Called Strike
3-1: Foul Ball, location: 2F
3-2: Ground out 6-3 (Groundball, 6MS, EV 78.8 MPH)
Bottom of the 2nd over - 0 runs, 0 hits, 0 errors, 0 left on base; Chicago 0 - Detroit 0
TOP OF THE 3RD
Chicago White Sox batting - Pitching for Detroit Tigers : LHP Jesús Zagal
Batting: LHB Joe Hutchens 0-0: Called Strike
0-1: Ground out U3 (Groundball, 3S, EV 90.0 MPH)
Batting: LHB Jesse Vega 0-0: Called Strike
0-1: Foul Ball, location: 2F
0-2: Ball
1-2: Ball
2-2: Ball
3-2: Foul Ball, location: 5SF
3-2: Fly out, F5 (Popup, 5L, EV 61.9 MPH)
Batting: LHB John Mrazek 0-0: Foul Ball, location: 2F
0-1: Fly out, F9 (Flyball, 9S, EV 91.9 MPH)
Top of the 3rd over - 0 runs, 0 hits, 0 errors, 0 left on base; Chicago 0 - Detroit 0
BOTTOM OF THE 3RD
Detroit Tigers batting - Pitching for Chicago White Sox : LHP Eric Crowley
Batting: LHB Miguel Martínez 0-0: Foul Ball, location: 2F
0-1: Called Strike
0-2: Strikes out swinging
Batting: SHB Jorge Morán 0-0: Ball
1-0: Called Strike
1-1: Ground out 5-3 (Groundball, 5S, EV 86.9 MPH)
Batting: LHB Masanori Ikeda 0-0: Ball
1-0: Called Strike
1-1: Swinging Strike
1-2: Ball
2-2: Fly out, F7 (Line Drive, 7LM, EV 87.5 MPH)
Bottom of the 3rd over - 0 runs, 0 hits, 0 errors, 0 left on base; Chicago 0 - Detroit 0
TOP OF THE 4TH
Chicago White Sox batting - Pitching for Detroit Tigers : LHP Jesús Zagal
Batting: RHB Gong-sun Bu 0-0: Ball
1-0: Ball
2-0: Ball
3-0: Called Strike
3-1: Swinging Strike
3-2: Fly out, F8 (Flyball, 8RM, EV 96.9 MPH)
Batting: RHB Bernardo López 0-0: Ball
1-0: Ball
2-0: Called Strike
2-1: Foul Ball, location: 9LSF
2-2: Strikes out looking
Batting: LHB Jorge Castaneda 0-0: Ball
1-0: Foul Ball, location: 5SF
1-1: Swinging Strike
1-2: Ball
2-2: Ball
3-2: TRIPLE (Flyball, 8LXD, EV 97.5 MPH)
Batting: RHB Roy López 0-0: Ball
1-0: Ball
2-0: Called Strike
2-1: Ball
3-1: Foul Ball, location: 2F
3-2: Foul Ball, location: 5FF
3-2: Ground out 6-3 (Groundball, 6, EV 100.6 MPH)
Top of the 4th over - 0 runs, 1 hit, 0 errors, 1 left on base; Chicago 0 - Detroit 0
BOTTOM OF THE 4TH
Detroit Tigers batting - Pitching for Chicago White Sox : LHP Eric Crowley
Batting: RHB David Fisher 0-0: Swinging Strike
0-1: Ball
1-1: Foul Ball, location: 9LMF
1-2: Strikes out looking
Batting: RHB Luis Martínez 0-0: Ball
1-0: Foul Ball, location: 2F
1-1: Called Strike
1-2: Strikes out looking
Batting: RHB Mario Muñíz 0-0: Ball
1-0: Foul Ball, location: 5F
1-1: SINGLE (Line Drive, 56D, EV 70.6 MPH)
Batting: RHB Takayuki Oda 0-0: Ball
1-0: Ball
2-0: Ball
3-0: Base on Balls
Mario Muñíz to second
Batting: LHB Archie Wood 0-0: Ball
1-0: Ball
2-0: Foul Ball, location: 2F
2-1: Swinging Strike
2-2: Ball
3-2: Base on Balls
Mario Muñíz to third
Takayuki Oda to second
Batting: RHB Lou Hutchinson 0-0: Ball
1-0: Swinging Strike
1-1: Foul Ball, location: 3F
1-2: Foul Ball, location: 5F
1-2: Ball
2-2: Strikes out swinging
Bottom of the 4th over - 0 runs, 1 hit, 0 errors, 3 left on base; Chicago 0 - Detroit 0
TOP OF THE 5TH
Chicago White Sox batting - Pitching for Detroit Tigers : LHP Jesús Zagal
Batting: RHB Ken Borlase 0-0: Called Strike
0-1: Ball
1-1: Foul Ball, location: 2F
1-2: Ball
2-2: Foul Ball, location: 7LSF
2-2: Foul Ball, location: 5F
2-2: Foul Ball, location: 9LSF
2-2: Strikes out swinging
Batting: LHB Ching-wei Lok 0-0: Ball
1-0: Called Strike
1-1: Ball
2-1: Single, Error in OF, E9, batter to second base (Groundball, 34D, EV 100.0 MPH)
Batting: LHB Joe Hutchens 0-0: Ball
Wild Pitch!
Ching-wei Lok to third
1-0: Foul Ball, location: 23F
1-1: Called Strike
1-2: Ball
2-2: Strikes out swinging
Batting: LHB Jesse Vega 0-0: Fly out, F2 (Popup, 25F, EV 85.0 MPH)
Top of the 5th over - 0 runs, 1 hit, 1 error, 1 left on base; Chicago 0 - Detroit 0
BOTTOM OF THE 5TH
Detroit Tigers batting - Pitching for Chicago White Sox : LHP Eric Crowley
Batting: LHB Miguel Martínez 0-0: Ball
1-0: Called Strike
1-1: Ball
2-1: Foul Ball, location: 2F
2-2: Ball
3-2: Strikes out looking
Batting: SHB Jorge Morán 0-0: Ball
1-0: Ball
2-0: Foul Ball, location: 3F
2-1: Called Strike
2-2: Foul Ball, location: 23F
2-2: Ground out 5-3 (Groundball, 56, EV 101.3 MPH)
Batting: LHB Masanori Ikeda 0-0: Foul Ball, location: 2F
0-1: Ball
1-1: Ball
2-1: Fly out, F6 (Popup, 6D, EV 53.1 MPH)
Bottom of the 5th over - 0 runs, 0 hits, 0 errors, 0 left on base; Chicago 0 - Detroit 0
TOP OF THE 6TH
Chicago White Sox batting - Pitching for Detroit Tigers : LHP Jesús Zagal
Pitching: RHP Raúl Olvera
Batting: LHB John Mrazek 0-0: Ball
1-0: Ball
2-0: Bunted foul
2-1: Fly out, F8 (Flyball, 78D, EV 106.3 MPH)
Batting: RHB Gong-sun Bu 0-0: Foul Ball, location: 2F
0-1: Called Strike
0-2: Ball
1-2: Strikes out swinging
Pinch Hitting: LHB Júlio González 0-0: SINGLE (Groundball, 6MD, EV 96.9 MPH)
Batting: LHB Jorge Castaneda 0-0: Ground out U3 (Groundball, 3S, EV 73.8 MPH)
Top of the 6th over - 0 runs, 1 hit, 0 errors, 1 left on base; Chicago 0 - Detroit 0
BOTTOM OF THE 6TH
Detroit Tigers batting - Pitching for Chicago White Sox : LHP Eric Crowley
Pitching: LHP Mike DeBenham
Now at 2B: Júlio González
Now at SS: Ken Borlase
Batting: RHB David Fisher 0-0: Called Strike
0-1: Foul Ball, location: 5FF
0-2: Ball
1-2: Ball
2-2: Fly out, F7 (Line Drive, 7S, EV 110.0 MPH)
Batting: RHB Luis Martínez 0-0: Called Strike
0-1: Foul Ball, location: 3SF
0-2: SINGLE (Flyball, 4D, EV 91.3 MPH)
Batting: RHB Mario Muñíz 0-0: Ball
1-0: Swinging Strike
1-1: Called Strike
1-2: Ball
2-2: Fly out, F8 (Flyball, 8LXD, EV 110.0 MPH)
Batting: RHB Takayuki Oda 0-0: Ball
1-0: Fly out, F8 (Flyball, 8RXD, EV 88.1 MPH)
Bottom of the 6th over - 0 runs, 1 hit, 0 errors, 1 left on base; Chicago 0 - Detroit 0
TOP OF THE 7TH
Chicago White Sox batting - Pitching for Detroit Tigers : RHP Raúl Olvera
Batting: RHB Roy López 0-0: Swinging Strike
0-1: Ball
1-1: Ground out 4-3 (Groundball, 4M, EV 96.3 MPH)
Batting: RHB Ken Borlase 0-0: Ground out 4-3 (Groundball, 4, EV 104.4 MPH)
Batting: LHB Ching-wei Lok 0-0: Ball
1-0: Ball
2-0: Called Strike
2-1: Ball
3-1: Fly out, F4 (Popup, 4, EV 71.9 MPH)
Top of the 7th over - 0 runs, 0 hits, 0 errors, 0 left on base; Chicago 0 - Detroit 0
BOTTOM OF THE 7TH
Detroit Tigers batting - Pitching for Chicago White Sox : LHP Mike DeBenham
Pinch Hitting: RHB Jesús Venegas 0-0: Called Strike
0-1: Ball
1-1: Ball
2-1: Hit by Pitch
Batting: RHB Lou Hutchinson 0-0: Ball
1-0: SINGLE (Groundball, 6, EV 81.3 MPH)
Jesús Venegas to second
Batting: LHB Miguel Martínez 0-0: Ball
1-0: DOUBLE (Flyball, 89D, EV 101.3 MPH)
Jesús Venegas scores
Lou Hutchinson to third
Batting: SHB Jorge Morán 0-0: Intentional Walk
Pinch Hitting: RHB Pete Powell 0-0: Called Strike
0-1: Fly out, F9 (Flyball, 9, EV 86.9 MPH)
Runner from 3rd tags up, SCORES, throw by RF
Batting: RHB David Fisher 0-0: Ball
1-0: Called Strike
1-1: Swinging Strike
1-2: Ball
2-2: Ball
3-2: Foul Ball, location: 7LSF
3-2: Base on Balls
Miguel Martínez to third
Jorge Morán to second
Pitching: LHP Dwight Scott
Batting: RHB Luis Martínez 0-0: Ball
1-0: Called Strike
1-1: Called Strike
1-2: Foul Ball, location: 3DF
1-2: Foul Ball, location: 2F
1-2: Ball
2-2: Ball
Wild Pitch!
Miguel Martínez scores
Jorge Morán to third
David Fisher to second
3-2: Base on Balls
Batting: RHB Mario Muñíz 0-0: Ball
1-0: Swinging Strike
1-1: Ball
2-1: Called Strike
2-2: Foul Ball, location: 2F
2-2: Ball
3-2: SINGLE (Groundball, 4MD, EV 101.3 MPH)
Jorge Morán scores
David Fisher to third
Luis Martínez to second
Batting: RHB Takayuki Oda 0-0: Called Strike
0-1: Ball
1-1: Ball
2-1: Called Strike
2-2: Strikes out swinging
Batting: RHB Jesús Venegas 0-0: Swinging Strike
0-1: Swinging Strike
0-2: Ball
1-2: Strikes out looking
Bottom of the 7th over - 4 runs, 3 hits, 0 errors, 3 left on base; Chicago 0 - Detroit 4
TOP OF THE 8TH
Chicago White Sox batting - Pitching for Detroit Tigers : RHP Raúl Olvera
Now at 2B: Jesús Venegas
Now at SS: Miguel Martínez
Now in RF: Dong-po Xiong
Batting: LHB Joe Hutchens 0-0: Called Strike
0-1: Fly out, F8 (Flyball, 8RXD, EV 106.9 MPH)
Batting: LHB Jesse Vega 0-0: Ground out 4-3 (Groundball, 4, EV 80.0 MPH)
Batting: LHB John Mrazek 0-0: Ball
1-0: Foul Ball, location: 2F
1-1: Ball
2-1: Foul Ball, location: 2F
2-2: Strikes out swinging
Top of the 8th over - 0 runs, 0 hits, 0 errors, 0 left on base; Chicago 0 - Detroit 4
BOTTOM OF THE 8TH
Detroit Tigers batting - Pitching for Chicago White Sox : LHP Dwight Scott
Batting: RHB Lou Hutchinson 0-0: Foul Ball, location: 2F
0-1: Foul Ball, location: 23F
0-2: Foul Ball, location: 2F
0-2: Strikes out swinging
Batting: LHB Miguel Martínez 0-0: Called Strike
0-1: Foul Ball, location: 2F
0-2: Ball
1-2: Foul Ball, location: 2F
1-2: Strikes out looking
Batting: SHB Jorge Morán 0-0: Ball
1-0: Ball
2-0: Ball
3-0: Called Strike
3-1: Ground out 4-3 (Groundball, 34, EV 90.0 MPH)
Bottom of the 8th over - 0 runs, 0 hits, 0 errors, 0 left on base; Chicago 0 - Detroit 4
TOP OF THE 9TH
Chicago White Sox batting - Pitching for Detroit Tigers : RHP Raúl Olvera
Pitching: RHP Roberto Alemán
Batting: RHB Gong-sun Bu 0-0: Swinging Strike
0-1: Foul Ball, location: 3F
0-2: Foul Ball, location: 5FF
0-2: Strikes out swinging
Batting: LHB Júlio González 0-0: Called Strike
0-1: Ball
1-1: Fly out, F9 (Line Drive, 9, EV 97.5 MPH)
Batting: LHB Jorge Castaneda 0-0: Ball
1-0: Called Strike
1-1: Called Strike
1-2: Strikes out looking
Top of the 9th over - 0 runs, 0 hits, 0 errors, 0 left on base; Chicago 0 - Detroit 4
Thursday, February 22nd , 2024 - OOTP Baseball 24.11 Build 85